 Seeded DCSS version 0.29.1-15-g9cfb28693d (webtiles) character file.

Game seed: 11851575853161599096 (custom seed)

40622 Sanktem7 the Cleaver (level 14, -3/113 HPs)
             Began as a Formicid Fighter on Mar 17, 2023.
             Was the Champion of Okawaru.
             Killed from afar by a swamp dragon (4 damage)
             ... with a blast of poison
             ... on level 5 of the Lair of Beasts on Mar 18, 2023.
             The game lasted 00:23:32 (12945 turns).

Sanktem7 the Cleaver (Formicid Fighter)            Turns: 12945, Time: 00:23:33

Health: -3/113     AC: 33    Str: 25    XL:     14   Next: 45%
Magic:  17/17      EV: 11    Int: 13    God:    Okawaru [******]
Gold:   1741       SH: 12    Dex: 13    Spells: 13/13 levels left

rFire   . . .      SeeInvis +   D - +9 executioner's axe of Hop Wer {venom, rCorr Stlth+, axerare=g}
rCold   . . .      Faith    .   c - +0 buckler
rNeg    . . .      Spirit   .   u - +15 Maxwell's patent armour {-Cast -Tele rElec Will+ rCorr}
rPois   .          Reflect  +   (helmet unavailable)
rElec   +          Harm     .   m - +0 cloak
rCorr   +          Rampage  .   M - +0 pair of gloves
Will    ++...      NoCast   +   (no boots)
Stlth   ..........              Q - amulet "Kisy" {Reflect Int+4 SH+5}
HPRegen 0.28/turn               n - +4 ring of slaying
MPRegen 0.15/turn               p - +4 ring of evasion

@: lethally poisoned (-3 -> -19), studying Short Blades, invisible
A: permanent stasis, dig shafts and tunnels, antennae 3, four strong arms
a: Dig, Shaft Self, Renounce Religion, Heroism, Finesse, Duel


You were on level 5 of the Lair of Beasts.
You worshipped Okawaru.
Okawaru was exalted by your worship.
You visited 3 branches of the dungeon, and saw 15 of its levels.

You collected 1845 gold pieces.
You spent 104 gold pieces at shops.


Innate Abilities, Weirdness & Mutations

You cannot be hasted, slowed, berserked, paralysed or teleported.
You can dig through walls and to a lower floor.
You have a pair of large antennae on your head. (SInv)
Your four strong arms can wield two-handed weapons with a shield.


   Skills:
 + Level 11.3 Fighting
 * Level 14.1 Axes
 + Level 9.1 Throwing
 + Level 11.3 Armour
 + Level 13.5 Shields
 - Level 5.0 Invocations


You had 13 spell levels left.
You didn't know any spells.
Your spell library contained the following spells:

 Spells                   Type           Power      Damage    Failure   Level
 Necrotise                Necr           0%         1d4       97%         1
 Shock                    Conj/Air       0%         1d3       97%         1
 Static Discharge         Conj/Air       0%         3-3/arc   99%         2
 Gell's Gravitas          Tloc           0%         N/A       100%        3
 Lesser Beckoning         Tloc           0%         N/A       100%        3
 Teleport Other           Tloc           0%         N/A       100%        3
 Vampiric Draining        Necr           0%         2d6       100%        3
 Airstrike                Air            0%         2d(0-16)  100%        4
 Hailstorm                Conj/Ice       0%         3d3       100%        4
 Ice Form                 Ice/Tmut       0%         N/A       100%        4
 Agony                    Necr           0%         N/A       100%        5
 Alistair's Intoxication  Tmut/Pois      0%         N/A       100%        5
 Borgnjor's Vile Clutch   Necr/Erth      0%         N/A       100%        5
 Iskenderun's Battlesphe  Conj           0%         2d6       100%        5
 Lightning Bolt           Conj/Air       0%         1d11      100%        5
 Dispersal                Tloc           0%         N/A       100%        6
 Eringya's Noxious Bog    Tmut/Pois      0%         N/A       100%        6
 Iron Shot                Conj/Erth      0%         9d1       100%        6
 Disjunction              Tloc           0%         N/A       100%        8
 Maxwell's Capacitive Co  Air            0%         ∞         100%        8
 Swiftness                Air            Unusable   N/A       N/A         3
 Simulacrum               Ice/Necr       Unusable   N/A       N/A         6
 Spellforged Servitor     Conj/Summ      Unusable   N/A       N/A         7

Inventory:

Hand Weapons
 A - a +1 whip of flaming {mace}
   (You took it off a gnoll bouda on level 8 of the Dungeon)
 D - the +9 executioner's axe of Hop Wer (weapon) {venom, rCorr Stlth+, axerare=g}
   (You acquired it on level 1 of the Lair of Beasts)

   It poisons the flesh of those it strikes.
   rCorr:     It protects you from acid and corrosion.
   Stlth:     It makes you more stealthy.
Missiles
 h - 119 stones {throwing}
 r - 7 boomerangs {throwing}
 v - 32 poisoned darts {throwing}
 G - 9 curare-tipped darts {=fthrowing}
 H - a silver javelin {throwing}
 K - 4 atropa-tipped darts {throwing}
 L - 4 throwing nets {=f!fthrowing}
 N - 3 javelins {throwing}
Armour
 c - a +0 buckler (worn)
 m - a +0 cloak (worn)
   (You took it off Maurice on level 8 of the Dungeon)
 u - the +15 Maxwell's patent armour (worn) {-Cast -Tele rElec Will+ rCorr}
   (You found it on level 3 of the Dungeon)

   rElec:     It insulates you from electricity.
   -Cast:     It prevents spellcasting.
   -Tele:     It prevents most forms of teleportation.
   rCorr:     It protects you from acid and corrosion.
   Will:      It increases your willpower.
 M - a +0 pair of gloves (worn)
   (You found it on level 10 of the Dungeon)
Jewellery
 a - a ring of resist corrosion
   (You found it on level 8 of the Dungeon)
 n - a +4 ring of slaying (left hand)
   (You found it on level 1 of the Dungeon)
 p - a +4 ring of evasion (right hand)
   (You found it on level 2 of the Dungeon)
 Q - the amulet "Kisy" (around neck) {Reflect Int+4 SH+5}
   (You found it on level 7 of the Dungeon)

   [amulet of reflection]

   It reflects blocked missile attacks.
   Int:       It affects your intelligence (+4).
   SH:        It affects your SH (+5).
Wands
 y - a wand of paralysis (35)
   (You found it on level 4 of the Dungeon)
 C - a wand of iceblast (14)
   (You took it off Maurice on level 8 of the Dungeon)
 F - a wand of flame (56)
   (You found it on level 6 of the Dungeon)
 J - a wand of light (6)
   (You found it on level 1 of the Lair of Beasts)
 O - a wand of mindburst (7)
   (You found it on level 1 of the Lair of Beasts)
 P - a wand of digging (2)
   (You found it on level 2 of the Lair of Beasts)
Scrolls
 f - 3 scrolls of enchant weapon
 g - 2 scrolls of blinking {!r}
 j - 7 scrolls of teleportation {@r4}
 k - 3 scrolls of poison {!r}
 l - 3 scrolls of noise {!r}
 o - 2 scrolls of enchant armour {unknown}
 t - a scroll of fear {unknown}
 z - 3 scrolls of fog {unknown}
 S - 4 scrolls of identify {@r1}
Potions
 b - 3 potions of ambrosia {unknown}
 d - 3 potions of might
 e - 5 potions of brilliance
 i - 4 potions of mutation {!q}
 q - 7 potions of haste {@q3}
 s - 9 potions of curing {@q1}
 w - 3 potions of flight
 x - 4 potions of lignification {!q}
 B - 2 potions of berserk rage {!q}
 E - 2 potions of heal wounds {unknown}
 I - 4 potions of invisibility
 V - 2 potions of resistance {unknown}

Dungeon Overview and Level Annotations

Branches:
Dungeon (10/15) Zot: 26540  Temple (1/1) D:5 Zot: 5998    Lair (3/5) D:9 Zot: 19268
 Shoals (0/4) Lair:3        Snake (0/4) Lair:2        Slime (0/5) Lair:5
    Orc: D:9-12

Altars:
Ashenzari
Kikubaaqudgha
Okawaru
Trog
Uskayaw
Wu Jian
Yredelemnul
Jiyva

Shops:
D:4 [   D:5 [ D:7

* ♣ ♣♣♣♣♣♣♣♣♣♣ ♣.
♣♣♣.~~~~...♣♣♣
♣..♣...≈≈≈≈≈~...♣♣
.~..~~≈≈≈≈≈≈~~~..♣
.≈≈.≈≈○≈~≈≈..~~..♣
≈~~~≈°○~°≈....≈~.♣
~~..~○.D~°.♣.♣≈≈~♣######
~.$...{♣@♣♣♣♣♣≈≈†♣#....#
♣~≈≈♣♣♣.?!°°♣♣♣♣≈♣~~~.♣#....#
♣.~≈~♣♣[[.}"♣♣♣.≈♣[..♣♣#....##
♣~~~.♣♣♣.♣♣♣.~≈~...♣♣ #.....#
...~~♣♣♣♣♣.~≈♣..♣♣♣ #......
♣..~~♣♣♣.≈≈....♣.♣ ##.....
♣.♣.≈~~.≈♣.♣♣♣..♣♣####....
♣..†~..~≈♣♣♣.....♣#.#P....
♣♣.......~♣♣..♣♣♣♣#.......


You could see a swamp dragon (unable to see you, very poisoned, catching
breath).


Message History

Your hp is fully restored (113).
You drop the +2 robe of the Fabulous God {rF+++}.
You enter the shallow water.
Moving in this stuff is going to be slow.
You see here an iguana corpse.
You enter the shallow water.
Moving in this stuff is going to be slow.
A swamp dragon comes into view.
A swamp dragon is nearby!
You enter the shallow water.
Moving in this stuff is going to be slow.
The swamp dragon roars deafeningly!
You hear a deafening roar!
A fire dragon comes into view.
An iguana comes into view.
The fire dragon roars deafeningly!
The swamp dragon breathes poison at you.
The blast of poison engulfs you.
You are poisoned. 😕 HP[-4]
You take 4 damage, and now have 109/113 hp.
Unknown command.
You slice the swamp dragon!!
You are engulfed in poison gas.
You are more poisoned.
You feel extremely sick.
The swamp dragon bites you but does no damage.
The swamp dragon claws you but does no damage.
The swamp dragon tramples you but does no damage.
The fire dragon breathes flames at you. The blast of flame hits you!
The swamp dragon bites you but does no damage.
The swamp dragon barely misses you. x2 😕 HP[-24]
You take 24 damage, and now have 85/113 hp.
MASSIVE DAMAGE!! (PAUSE)
You slash the swamp dragon! You barely miss the fire dragon.
You are engulfed in poison gas.
You are more poisoned.
You feel extremely sick. The swamp dragon closely misses you.
You block the swamp dragon's attack.
The swamp dragon tramples you but does no damage.
The fire dragon bites you but does no damage.
The fire dragon claws you but does no damage.
The fire dragon tramples you but does no damage. 😮 HP[-8]
You take 8 damage, and now have 77/113 hp.
You hit the swamp dragon.
The swamp dragon is poisoned.
You barely miss the fire dragon.
You feel very sick.
The swamp dragon breathes poison at you.
The blast of poison engulfs you but does no damage.
You are more poisoned.
The fire dragon breathes flames at you. The blast of flame hits you!!!
* * * LOW HITPOINT WARNING * * *
The iguana is engulfed in poison gas.
The iguana is poisoned. 😨 HP[-43]
You take 43 damage, and now have 34/113 hp.
MASSIVE DAMAGE!! (PAUSE)
You slice the swamp dragon!! You hit the iguana.
The iguana looks even sicker.
You hit the fire dragon.
You are engulfed in poison gas.
You are lethally poisoned!
* * * LOW HITPOINT WARNING * * *
x2 You feel extremely sick.
You block the swamp dragon's attack.
The swamp dragon claws you but does no damage.
The swamp dragon barely misses you. The fire dragon misses you. x2
The fire dragon tramples you.
* * * LOW HITPOINT WARNING * * *
You hold your ground!
The iguana is engulfed in poison gas.
The iguana looks as sick as possible!
The iguana dies! 😱 HP[-22]
You take 22 damage, and now have 12/113 hp.
Okay, then.
You feel better.
You are engulfed in poison gas.
You are poisoned.
* * * LOW HITPOINT WARNING * * *
x2 You feel very sick.
You block the swamp dragon's attack. x2
The swamp dragon tramples you but does no damage.
The fire dragon bites you but does no damage.
The fire dragon claws you but does no damage.
The fire dragon tramples you but does no damage. 😱 HP[-1]
You take 1 damage, and now have 11/113 hp.
Okay, then.
The swamp dragon attacks as you move away!
You block the swamp dragon's attack. x2; The swamp dragon tramples you.
* * * LOW HITPOINT WARNING * * *
x2 You feel very sick. 😱 HP[-9]
You take 9 damage, and now have 2/113 hp.
Okay, then.
It was a potion of invisibility.
You fade into invisibility!
* * * LOW HITPOINT WARNING * * *
You feel sick.
The swamp dragon breathes poison at you.
The blast of poison engulfs you.
You are more poisoned.
You die...

Skill      XL: |  1  2  3  4  5  6  7  8  9 10 11 12 13 14 |
---------------+-------------------------------------------+-----
Axes           | 3 4 5 6 7 9 10 12 13 14 | 14.1
Fighting       | 4 5 6 7 8 9 10 11 | 11.3
Armour         | 4 5 6 7 8 9 10 11 | 11.3
Shields        | 5 6 7 8 9 10 11 12 13 | 13.5
Throwing       | 1 3 4 6 7 8 9 |  9.1
Invocations    | 3 5 |  5.0

Action                   |  1- 3 |  4- 6 |  7- 9 | 10-12 | 13-15 || total
-------------------------+-------+-------+-------+-------+-------++-------
Melee: War axe           |    69 |    93 |   205 |   232 |       ||   599
       Executioner's axe |       |       |       |   108 |   218 ||   326
  Use: Scroll            |       |       |       |    14 |       ||    14
       Potion            |       |       |       |       |     4 ||     4
Armor: Scale mail        |    42 |     7 |       |       |       ||    49
       Plate armour      |       |    30 |   121 |   202 |   171 ||   524
Dodge: Dodged            |    38 |    46 |   101 |   173 |   114 ||   472
Block: Buckler           |    18 |    30 |    56 |   227 |   174 ||   505
       Reflection        |       |       |       |    12 |     1 ||    13

Levels and vault maps discovered:
D:1:      lightli_iron_boxes, layout_basic
D:2:      layout_rooms, shapermc_ecumenical_altar_flowoftime
D:3:      layout_basic, uniq_natasha
D:4:      layout_rooms, serial_shops, nicolae_take_the_stairs,
          uniq_blork_the_orc
D:5:      layout_basic, minmay_temple_entry_stoned_glass, serial_shops,
          nicolae_lakefront_shop, grunt_ministairs_2,
          minmay_misc_feat_more_columns, kennysheep_generic_room_15
D:6:      layout_basic, serial_rivers, chequers_serial_rivers_small_a,
          chequers_serial_rivers_micro_c, chequers_serial_rivers_micro_d,
          chequers_serial_rivers_micro_b, chequers_serial_rivers_small_a
D:7:      layout_basic, chequers_temple_overflow_statue_of_worship,
          serial_shops, shop_statue, hellmonk_ghost_happy_afterlife,
          uniq_duvessa, uniq_joseph
D:8:      layout_loops_ring, amcnicky_altar_gilded, guppyfry_early_elven_hall,
          uniq_maurice
D:9:      kennysheep_blocky_room, layout_long_grid, erik_lair_orcish_takeover
D:10:     layout_stronghold, uniq_josephine, uniq_grum
Temple:   compressed_dpeg_circular_temple
Lair:1:   layout_regular_city, st_stairs_13, chequers_serial_rivers_room_a,
          serial_bayou_shore_a, grunt_megastairs_4, uniq_sonja
Lair:2:   layout_layer_cave, minmay_snake_entry_six_corridors,
          grunt_megastairs_1, uniq_maggie
Lair:3:   layout_roguey, elwin_shoals_entry_stream,
          chequers_serial_rivers_micro_d, minivault_19, grunt_megastairs_3
Lair:5:   hangedman_lair_tendril_chambers, layout_misc_corridors,
          guppyfry_lair_end_dragon, slime_entry_1,
          nicolae_lair_run_with_the_wolves, infiniplex_staircase_pool_2,
          serial_bayou_shore_b

Notes
Turn   | Place    | Note
-------+----------+-------------------------------------------
     0 | D:1      | Sanktem7 the Formicid Fighter began the quest for the Orb.
     0 | D:1      | Reached XP level 1. HP: 18/18 MP: 1/1
     0 | D:1      | magus.rc [v1.9.6]
     6 | D:1      | You fall into a shaft and drop 1 floor!
    67 | D:1      | Reached XP level 2. HP: 17/24 MP: 2/2
   287 | D:1      | Reached XP level 3. HP: 29/29 MP: 3/3
   461 | D:1      | You pick up a book of Power and begin reading...
   461 | D:1      | You add the spells Iskenderun's Battlesphere, Iron Shot and
                  | Spellforged Servitor to your library.
   750 | D:2      | Reached XP level 4. HP: 37/37 MP: 4/4
   775 | D:2      | Found a faded altar of an unknown god.
   848 | D:2      | Reached skill level 3 in Axes
  1007 | D:2      | magus.rc [v1.9.6]
  1332 | D:3      | Found the +15 Maxwell's patent armour {-Cast -Tele rElec
                  | Will+ rCorr}
  1396 | D:3      | Noticed Natasha
  1407 | D:3      | Killed Natasha
  1452 | D:3      | Reached XP level 5. HP: 42/42 MP: 5/5
  1525 | D:3      | Noticed Natasha
  1528 | D:3      | Killed Natasha
  1529 | D:3      | Reached skill level 4 in Fighting
  1529 | D:3      | Reached skill level 4 in Armour
  1645 | D:3      | Noticed Natasha
  1651 | D:3      | Killed Natasha
  1652 | D:3      | Reached skill level 5 in Shields
  1847 | D:3      | You pick up a book of Air and begin reading...
  1847 | D:3      | You add the spells Shock and Airstrike to your library.
  1934 | D:4      | Noticed Blork the orc
  1940 | D:4      | Reached XP level 6. HP: 45/48 MP: 6/6
  1943 | D:4      | Killed Blork the orc
  1944 | D:4      | Reached skill level 4 in Axes
  2219 | D:4      | Found Kagucra's Armour Boutique.
  2265 | D:4      | Reached XP level 7. HP: 55/55 MP: 7/7
  2505 | D:5      | Entered Level 5 of the Dungeon
  2581 | D:5      | Found a staircase to the Ecumenical Temple.
  2600 | D:5      | Reached skill level 5 in Axes
  2670 | D:5      | Reached skill level 6 in Shields
  2764 | D:5      | Reached skill level 5 in Fighting
  2764 | D:5      | Reached skill level 5 in Armour
  2835 | D:5      | Reached XP level 8. HP: 53/62 MP: 8/8
  2989 | D:5      | Found Ozadgha's Antique Armour Boutique.
  3234 | D:5      | You add the spells Alistair's Intoxication, Borgnjor's Vile
                  | Clutch and Eringya's Noxious Bog to your library.
  3405 | Temple   | Entered the Ecumenical Temple
  3535 | D:6      | You pick up a book of Lightning and begin reading...
  3535 | D:6      | You add the spells Static Discharge, Lightning Bolt and
                  | Maxwell's Capacitive Coupling to your library.
  3702 | D:6      | Reached skill level 6 in Axes
  3721 | D:6      | Reached skill level 1 in Throwing
  4210 | D:6      | Reached skill level 7 in Shields
  4497 | D:7      | Found an iron altar of Okawaru.
  4498 | D:7      | Found an ornate altar of the Wu Jian Council.
  4499 | D:7      | Found a hide-covered altar of Uskayaw.
  4505 | D:7      | Became a worshipper of Warmaster Okawaru
  4636 | D:7      | Noticed croobank's ghost (novice OpDe)
  4641 | D:7      | Found a runed translucent door.
  4804 | D:7      | Found Cyud's General Store.
  4823 | D:7      | Reached XP level 9. HP: 64/69 MP: 9/9
  4858 | D:7      | Bought 2 potions of curing for 78 gold pieces
  4858 | D:7      | Bought a scroll of identify for 26 gold pieces
  4859 | D:7      | Identified the +1 scale mail of Varoxzih {+Blink Int+5}
  4867 | D:7      | Reached skill level 2 in Throwing
  4867 | D:7      | Reached skill level 6 in Armour
  4870 | D:7      | Reached skill level 6 in Fighting
  4874 | D:7      | Reached skill level 1 in Invocations
  4882 | D:7      | Reached skill level 7 in Axes
  4976 | D:7      | Noticed Duvessa
  4977 | D:7      | Noticed Dowan
  4990 | D:7      | Killed Duvessa
  5004 | D:7      | Killed Dowan
  5004 | D:7      | Reached * piety under Okawaru
  5338 | D:7      | Noticed Joseph
  5342 | D:7      | Killed Joseph
  5343 | D:7      | Reached skill level 2 in Invocations
  5354 | D:7      | Identified the amulet "Kisy" {Reflect Int+4 SH+5}
  5554 | D:7      | Killed croobank's ghost
  5554 | D:7      | Reached ** piety under Okawaru
  5555 | D:7      | Reached skill level 3 in Throwing
  5555 | D:7      | Reached skill level 8 in Shields
  5555 | D:7      | Reached skill level 3 in Invocations
  5578 | D:8      | Found a basalt altar of Yredelemnul.
  5671 | D:8      | Reached XP level 10. HP: 75/77 MP: 12/12
  5685 | D:8      | Reached skill level 8 in Axes
  5689 | D:8      | Reached *** piety under Okawaru
  5715 | D:8      | Identified a scroll of acquirement
  5715 | D:8      | Acquired 725 gold pieces
  5811 | D:8      | Reached skill level 7 in Fighting
  5811 | D:8      | Reached skill level 7 in Armour
  5823 | D:8      | Reached skill level 4 in Throwing
  5823 | D:8      | Reached skill level 4 in Invocations
  6236 | D:8      | Noticed Maurice
  6246 | D:8      | Killed Maurice
  6246 | D:8      | Reached **** piety under Okawaru
  6247 | D:8      | Reached skill level 9 in Shields
  6453 | D:8      | Noticed a deep elf pyromancer
  6460 | D:8      | Killed a deep elf pyromancer
  6460 | D:8      | Received a gift from Okawaru
  6461 | D:8      | Reached skill level 9 in Axes
  6476 | D:8      | magus.rc [v1.9.6]
  6545 | D:9      | Reached skill level 5 in Invocations
  6545 | D:9      | Reached XP level 11. HP: 84/84 MP: 14/14
  6659 | D:9      | Reached skill level 5 in Throwing
  6666 | D:9      | Reached skill level 8 in Armour
  6669 | D:9      | Reached ***** piety under Okawaru
  6727 | D:9      | Found a staircase to the Lair.
  6742 | D:9      | Reached skill level 8 in Fighting
  6999 | D:9      | magus.rc [v1.9.6]
  7163 | D:9      | Noticed a manticore
  7170 | D:9      | Killed a manticore
  7171 | D:9      | Reached skill level 10 in Axes
  7274 | D:9      | Noticed a wizard
  7282 | D:9      | Killed a wizard
  7283 | D:9      | Reached skill level 10 in Shields
  7443 | D:9      | Received a gift from Okawaru
  7830 | D:9      | magus.rc [v1.9.6]
  7873 | D:10     | Entered Level 10 of the Dungeon
  7926 | D:10     | Noticed Grum
  7945 | D:10     | Killed Grum
  8069 | D:10     | You pick up a book of the Warp and begin reading...
  8069 | D:10     | You add the spells Dispersal and Disjunction to your
                  | library.
  8138 | D:10     | Reached skill level 6 in Throwing
  8141 | D:10     | Received a gift from Okawaru
  8229 | D:10     | Noticed Josephine
  8241 | D:10     | Killed Josephine
  8241 | D:10     | Identified the +4 ring mail of Mikerun {*Corrode rN+ Int+4}
                  | (Okawaru gifted it to you on level 10 of the Dungeon)
  8241 | D:10     | Received a gift from Okawaru
  8242 | D:10     | Reached XP level 12. HP: 92/94 MP: 15/15
  8333 | Lair:1   | Entered Level 1 of the Lair of Beasts
  8355 | Lair:1   | You pick up a book of the Tundra and begin reading...
  8355 | Lair:1   | You add the spells Hailstorm and Ice Form to your library.
  8356 | Lair:1   | Acquired the +9 executioner's axe of Hop Wer {venom, rCorr
                  | Stlth+}
  8357 | Lair:1   | D - the +9 executioner's axe of Hop Wer {venom, rCorr
                  | Stlth+, axerare=g}
  8358 | Lair:1   | the +9 executioner's axe of Hop Wer {venom, rCorr Stlth+,
                  | axerare=g} begins to drip with poison!
  8358 | Lair:1   | D - the +9 executioner's axe of Hop Wer (weapon) {venom,
                  | rCorr Stlth+, axerare=g}
  8552 | Lair:1   | You pick up a book of Necromancy and begin reading...
  8552 | Lair:1   | You add the spells Necrotise, Vampiric Draining and Agony
                  | to your library.
  8591 | Lair:1   | Noticed Sonja
  8597 | Lair:1   | Killed Sonja
  8598 | Lair:1   | Reached skill level 11 in Axes
  8598 | Lair:1   | Reached skill level 9 in Armour
  8678 | Lair:1   | Reached skill level 9 in Fighting
  9520 | Lair:2   | Reached skill level 11 in Shields
  9702 | Lair:2   | magus.rc [v1.9.6]
  9970 | Lair:2   | You add the spells Gell's Gravitas and Teleport Other to
                  | your library.
 10013 | Lair:2   | Found a staircase to the Snake Pit.
 10019 | Lair:2   | Reached ****** piety under Okawaru
 10020 | Lair:2   | Reached skill level 7 in Throwing
 10245 | Lair:2   | Noticed Maggie
 10249 | Lair:2   | Received a gift from Okawaru
 10254 | Lair:2   | Killed Maggie
 10280 | Lair:2   | Identified the +6 hand axe of Bankruptcy {holy, rN+ Str+5
                  | Dex+2}
 10314 | Lair:2   | Reached skill level 12 in Axes
 10341 | Lair:2   | Received a gift from Okawaru
 10342 | Lair:2   | Reached XP level 13. HP: 85/103 MP: 16/16
 10706 | Lair:2   | Reached skill level 10 in Armour
 10711 | Lair:2   | Received a gift from Okawaru
 10829 | Lair:3   | Reached skill level 10 in Fighting
 10833 | Lair:3   | Found a staircase to the Shoals.
 10836 | Lair:3   | Reached skill level 12 in Shields
 10836 | Lair:3   | Identified the +0 robe "Modiargh" {Harm rN++ rCorr Str+2}
                  | (Okawaru gifted it to you on level 3 of the Lair of Beasts)
 10836 | Lair:3   | Received a gift from Okawaru
 10893 | Lair:3   | You fall into a shaft and drop 2 floors!
 10893 | Lair:5   | Entered Level 5 of the Lair of Beasts
 11003 | Lair:5   | Found a viscous altar of Jiyva.
 11004 | Lair:5   | Found a staircase to the Slime Pits.
 11004 | Lair:5   | Found the +11 plutonium sword {Contam Stlth-}
 11021 | Lair:5   | Reached skill level 8 in Throwing
 11103 | Lair:5   | Reached skill level 13 in Axes
 11381 | Lair:5   | You pick up a book of Displacement and begin reading...
 11539 | Lair:5   | HP: 19/104 [guardian serpent (14)]
 11544 | Lair:5   | HP: 14/105 [poisoned by a guardian serpent (bolt of
                  | poison)]
 12008 | Lair:5   | Reached XP level 14. HP: 111/111 MP: 17/17
 12061 | Lair:5   | Reached skill level 13 in Shields
 12061 | Lair:5   | Received a gift from Okawaru
 12065 | Lair:5   | Reached skill level 11 in Armour
 12337 | Lair:5   | Reached skill level 11 in Fighting
 12506 | Lair:5   | Reached skill level 9 in Throwing
 12535 | Lair:5   | Reached skill level 14 in Axes
 12910 | Lair:5   | Identified the +2 robe of the Fabulous God {rF+++} (Okawaru
                  | gifted it to you on level 5 of the Lair of Beasts)
 12910 | Lair:5   | Received a gift from Okawaru
 12936 | Lair:5   | Found the +4 robe of Folly {Brilliance Will-∞ Int+8}
 12942 | Lair:5   | HP: 18/113 [poisoned by a swamp dragon (poison gas)]
 12944 | Lair:5   | HP: 5/113 [swamp dragon (6)]
 12944 | Lair:5   | HP: 2/113 [poisoned by a swamp dragon (poison gas)]
 12945 | Lair:5   | Killed from afar by a swamp dragon

Vanquished Creatures
  Josephine (D:10)
  Sonja (Lair:1)
  The ghost of croobank the Covert, a novice OpDe of Gozag (D:7)
  A wizard (D:9)
  3 wolf spiders (Lair:5)
  A deep elf pyromancer (D:8)
  A manticore (D:9)
  7 elephants
  Maurice (D:8)
  11 black mambas
  2 merfolk sirens (Lair:3)
  11 cane toads
  A torpor snail (Lair:5)
  A guardian serpent (Lair:5)
  Joseph (D:7)
  4 komodo dragons
  Maggie (Lair:2)
  3 rime drakes (Lair:5)
  2 merfolk (Lair:3)
  3 hornets (Lair:5)
  7 blink frogs
  6 dream sheep (Lair:5)
  4 wraiths
  11 wyverns
  56 yaks
  5 basilisks
  Grum (D:10)
  A redback (Lair:5)
  3 steam dragons (Lair:5)
  2 wargs (D:9)
  2 acid dragons (Lair:5)
  22 water moccasins
  Duvessa (D:7)
  2 orc warriors (D:9)
  A sky beast (D:7)
  20 wolves
  5 centaurs
  3 ogres
  2 kobold brigands
  A phantom (D:4)
  Blork the orc (D:4)
  12 bullfrogs
  A gnoll sergeant (D:9)
  A necrophage (D:6)
  2 scorpions
  9 wights
  Dowan (D:7)
  4 howler monkeys
  3 electric eels (Lair:1)
  3 jellies
  An orc priest (D:5)
  4 hounds
  2 gnoll boudas
  6 orc wizards
  7 iguanas
  Natasha (thrice) (D:3)
  5 adders
  13 gnolls
  A shadow imp (D:7)
  2 white imps
  3 dart slugs
  25 orcs
  7 bats
  9 endoplasms
  4 giant cockroaches
  9 goblins
  6 hobgoblins
  7 jackals
  14 kobolds
  4 quokkas
  8 ball pythons
  2 frilled lizards
391 creatures vanquished.

Vanquished Creatures (others)
  A cane toad (Lair:5)
  A kobold brigand (D:9)
  An iguana (Lair:5)
  A bush (Lair:5)
  15 fungi
  54 plants
73 creatures vanquished.

Grand Total: 464 creatures vanquished

Table legend:
 A = Non-vault XP
 B = Vault XP
 C = Vault XP percentage of total XP
 D = Non-vault monster count
 E = Vault monster count
 F = Vault count percentage of total count
                 A         B        C        D         E       F
            +---------+---------+-------+---------+---------+-------
      Total |   29806 |   28226 |  48.6 |     277 |     117 |  29.7
            +---------+---------+-------+---------+---------+-------
        D:1 |      64 |       0 |   0.0 |      26 |       0 |   0.0
        D:2 |      32 |       0 |   0.0 |      17 |       0 |   0.0
        D:3 |      93 |      35 |  27.3 |      12 |       1 |   7.7
        D:4 |     249 |      91 |  26.8 |      24 |       1 |   4.0
        D:5 |     582 |      59 |   9.2 |      17 |       4 |  19.0
        D:6 |     493 |       0 |   0.0 |      15 |       0 |   0.0
        D:7 |     825 |    1347 |  62.0 |      24 |       4 |  14.3
        D:8 |    2048 |    1029 |  33.4 |      22 |       2 |   8.3
        D:9 |    3230 |    2576 |  44.4 |      23 |      15 |  39.5
       D:10 |    1126 |    2226 |  66.4 |       6 |       9 |  60.0
     Lair:1 |    1180 |    1865 |  61.2 |       8 |       8 |  50.0
     Lair:2 |    7339 |    2633 |  26.4 |      31 |      10 |  24.4
     Lair:3 |     556 |    1523 |  73.3 |       5 |       4 |  44.4
     Lair:5 |   11989 |   14842 |  55.3 |      47 |      59 |  55.7
            +---------+---------+-------+---------+---------+-------

Illustrated notes

Table legend:
 A = Kills in this place as a percentage of kills in entire the game.
 B = Kills by you in this place as a percentage of kills by you in the entire game.
 C = Kills by friends in this place as a percentage of kills by friends in the entire game.
 D = Other kills in this place as a percentage of other kills in the entire game.
 E = Experience gained in this place as a percentage of experience gained in the entire game.
 F = Experience gained in this place divided by the number of levels of this place that you have seen.
                   A       B       C       D       E      F
               +-------+-------+-------+-------+-------+----------------------
         Total | 100.0 | 100.0 |   N/A | 100.0 | 100.0 | 3868.8
       Dungeon |  56.3 |  56.5 |   N/A |  33.3 |  27.8 | 1610.5
          Lair |  43.7 |  43.5 |   N/A |  66.7 |  72.2 | 10481.8
               +-------+-------+-------+-------+-------+----------------------

Table legend: (Time is in decaauts)
 A = Elapsed time spent in this place.
 B = Non-inter-level travel time spent in this place.
 C = Inter-level travel time spent in this place.
 D = Time resting spent in this place.
 E = Time spent auto-exploring this place.
 F = Levels seen in this place.
 G = Mean time per level.
                   A        B        C        D        E       F      G
               +--------+--------+--------+--------+--------+-----+--------+
         Total |  13180 |  12785 |    395 |    495 |  10145 |  15 |  878.7 |
       Dungeon |   8448 |   8117 |    331 |    147 |   6571 |  10 |  844.8 |
        Temple |      1 |      1 |      0 |      0 |      0 |   1 |    1.0 |
          Lair |   4731 |   4667 |     64 |    348 |   3573 |   4 | 1182.8 |
               +--------+--------+--------+--------+--------+-----+--------+

Top non-repeatable levels by time:
  Lair:5: 2113 daAuts
     D:9: 1427 daAuts
  Lair:2: 1321 daAuts
  Lair:1: 1205 daAuts
     D:7: 1159 daAuts
     D:6: 1023 daAuts
     D:5: 931 daAuts
     D:8: 907 daAuts
     D:1: 689 daAuts
     D:3: 640 daAuts
     D:2: 635 daAuts
     D:4: 600 daAuts
    D:10: 433 daAuts
  Lair:3: 90 daAuts
  Temple: 1 daAuts
